 Dungeon Crawl Stone Soup version 0.28-a0-938-gbc3f381ebc (webtiles) character file.

Game seed: 11497304314627651458

23 gruber the Cutter (level 3, -1/36 HPs)
             Began as a Kobold Berserker on Nov 28, 2021.
             Was a Follower of Trog.
             Slain by a worm (11 damage)
             ... on level 2 of the Dungeon.
             The game lasted 00:01:58 (1067 turns).

gruber the Cutter (Kobold Berserker)                Turns: 1067, Time: 00:01:58

Health: -1/36      AC:  2    Str: 14    XL:     3   Next: 12%
Magic:  3/3        EV: 15    Int:  8    God:    Trog [*.....]
Gold:   17         SH:  0    Dex: 15    Spells: 2/2 levels left

rFire   . . .      SeeInvis .   a - +0 short sword
rCold   . . .      Faith    .   (shield restricted)
rNeg    . . .      Spirit   .   b - +0 animal skin
rPois   .          Reflect  .   (no helmet)
rElec   .          Harm     .   (no cloak)
rCorr   .          Rampage  .   (no gloves)
Will    .....                   (no boots)
Stlth   ..........              (no amulet)
HPRegen 0.12/turn               (no ring)
MPRegen 0.08/turn               (no ring)

@: berserking, very quick
A: small, no large weapons, nightstalker 3
a: Renounce Religion, Berserk


You were on level 2 of the Dungeon.
You worshipped Trog.
Trog was aware of your devotion.
You visited 1 branch of the dungeon, and saw 2 of its levels.

You collected 17 gold pieces.

Inventory:

Hand Weapons
 a - a +0 short sword (weapon)
Armour
 b - a +0 animal skin (worn)
Scrolls
 c - a scroll of identify {unknown}
 d - a scroll of immolation {unknown}
 e - a scroll of enchant weapon {unknown}
 f - 2 scrolls of teleportation {unknown}
 g - a scroll of amnesia {unknown}
Potions
 h - a potion of invisibility {unknown}


   Skills:
 + Level 3.6 Fighting
 * Level 4.9 Short Blades
 + Level 1.6 Armour
 + Level 2.5 Dodging


You had 2 spell levels left.
You didn't know any spells.
Your spell library was empty.

Dungeon Overview and Level Annotations

Branches:
Dungeon (2/15)

Altars:


Innate Abilities, Weirdness & Mutations

You are small and have problems with some larger weapons.
You are completely attuned to the shadows.


Message History

Trog accepts your kill. The bat barely misses you.
You barely miss the bat. The bat hits you. The bat closely misses you.
A bat is nearby!
You puncture the bat!
You kill the bat!
Trog accepts your kill.
HP restored.
You open the door.
There is an open door here.
A bat comes into view.
You closely miss the bat. The bat hits you but does no damage.
A bat is nearby!
You hit the bat.
You kill the bat!
Trog accepts your kill.
A worm comes into view.
A worm is nearby!
You barely miss the worm.
A worm is nearby!
You hit the worm.
The worm is moderately wounded.
The worm completely misses you.
A worm is nearby!
You hit the worm but do no damage.
The worm is lightly wounded.
The worm bites you!
A worm is nearby!
You barely miss the worm.
The worm is lightly wounded.
A worm is nearby!
You hit the worm but do no damage.
The worm is lightly wounded.
You hit the worm.
The worm is moderately wounded.
The worm bites you!
* * * LOW HITPOINT WARNING * * *
A red film seems to cover your vision as you go berserk!
You feel yourself moving faster!
You feel mighty! The worm bites you!
You die...

#.#.......#
#.#<.)....#
..........#
##........# ##+####
#.†......# #........
#........# #........
#........###........
#...###...##........
...>......+....@w...
#####...#.........
........#.######+#
........#'####
.............#
####.........#
#.....)...#
#.........#
#.........#


You could see a worm.

Vanquished Creatures
  A ball python (D:2)
  An endoplasm (D:1)
  A giant cockroach (D:1)
  3 goblins (D:1)
  5 hobgoblins
  3 jackals (D:1)
  2 bats (D:2)
  A frilled lizard (D:1)
  2 rats (D:1)
19 creatures vanquished.

Notes
Turn   | Place    | Note
-------+----------+-------------------------------------------
     0 | D:1      | gruber the Kobold Berserker began the quest for the Orb.
     0 | D:1      | Reached XP level 1. HP: 14/14 MP: 1/1
    23 | D:1      | Found a faded altar of an unknown god.
   247 | D:1      | Reached XP level 2. HP: 16/19 MP: 2/2
  1006 | D:2      | Reached XP level 3. HP: 24/24 MP: 3/3
  1067 | D:2      | Slain by a worm

Illustrated notes

Levels and vault maps discovered:
D:1:      tarquinn_simple_flora_water_d, layout_rooms,
          chequers_ecumenical_altar_simple, minmay_misc_feat_roman,
          minmay_fountain_box
D:2:      layout_basic, uniq_jessica

Action                   || total
-------------------------++-------
Melee: Short sword       ||    62
Invok: Berserk           ||     2
 Stab: Sleeping          ||     4
Armor: Animal skin       ||     7
Dodge: Dodged            ||    48

Table legend: (Time is in decaauts)
 A = Elapsed time spent in this place.
 B = Non-inter-level travel time spent in this place.
 C = Inter-level travel time spent in this place.
 D = Time resting spent in this place.
 E = Time spent auto-exploring this place.
 F = Levels seen in this place.
 G = Mean time per level.
                   A        B        C        D        E       F      G
               +--------+--------+--------+--------+--------+-----+--------+
         Total |   1072 |   1048 |     24 |      2 |    929 |   2 |  536.0 |
       Dungeon |   1072 |   1048 |     24 |      2 |    929 |   2 |  536.0 |
               +--------+--------+--------+--------+--------+-----+--------+

Top non-repeatable levels by time:
     D:1: 1009 daAuts
     D:2: 63 daAuts
